[Event "XIII Marques de Pombal 2022"]
[Site "Pombal"]
[Date "2022.10.06"]
[Round "3.6"]
[White "Ferreira, Eduardo Jose Fernand"]
[Black "Goncalves, Samuel Jesus Pereira"]
[Result "0-1"]
[ECO "B15"]
[WhiteElo "1641"]
[BlackElo "2072"]
[Annotator "TA"]
[PlyCount "74"]
[EventDate "2022.09.28"]
[EventType "swiss"]
[EventCountry "POR"]
[SourceTitle "playchess.com"]
[Source "ChessBase"]
[SourceQuality "1"]
[TimeControl "5400+30"]

1. e4 c6 2. d4 d5 3. Nc3 dxe4 4. Nxe4 Nf6 5. Nxf6+ exf6 6. Nf3 Bd6 7. Be2 O-O 8. O-O Bg4 9. Qd3 {[%emt 0:08:35][%cal Of3g5] [#] B15: Caro-Kann: 3 Nc3: 3...g6 and 3...dxe4 4 Nxe4 Nf6 5 Nxf6+ exf6.} Bh5 $146 ({Predecessor:} 9... Re8 10. Be3 Qc7 11. g3 g6 12. Nh4 Bh3 13. Rfe1 Nd7 14. c4 c5 15. Bf1 Bxf1 16. Rxf1 cxd4 17. Bxd4 {0-1 (48) Al Jabri,R (1678)-Salim Issa,A (1880) Muscat 2019}) 10. Bd2 Re8 {[%emt 0:04:00] [#] Strongly threatening ...Bg6.} 11. Rfe1 {[%emt 0:01:50] The position is equal.} Nd7 12. h3 Nf8 13. c4 Ne6 14. Rad1 Qc7 15. Qc3 (15. Ng5 {feels hotter.} Bg6 16. Nxe6 Rxe6 17. Qc3) 15... Rad8 16. Nh4 Bxe2 17. Rxe2 g6 18. Rde1 Bf8 19. Nf3 Re7 20. d5 cxd5 21. cxd5 (21. Qxf6 {seems wilder.} dxc4 22. Bb4 Ree8 23. Bxf8 Rxf8 24. Ne5) 21... Rxd5 22. Qxc7 (22. Qxf6 Qd8 23. Bb4 (23. Bc3 Bg7)) (22. Qxf6 $11 Qd8 23. Bb4 (23. Bc3 Bg7 $11)) 22... Rxc7 $17 23. Bc3 Kg7 24. g3 Bc5 25. Kg2 b5 26. Re4 Rcd7 27. a4 bxa4 28. Rxa4 Rd3 29. Re2 R7d5 30. Nd2 Nd4 {[%emt 0:00:44] Black is more active.} 31. Bxd4 Bxd4 32. Nf3 Bb6 33. Rc2 Rb5 34. b4 {[%emt 0:00:32] Loses the game.} (34. Nd2 $17) 34... Rb3 $19 35. Rc4 $2 {[%emt 0:00:22] [#]} (35. Ne1) 35... Rb2 {[%emt 0:01:31] Black is clearly winning.} 36. Nd4 Rd5 37. Nc2 Rd2 {[%emt 0:00:14][%csl LRc2,LRf2] Weighted Error Value: White=0.39/Black=0.07 (flawless)} 0-1

[Event "XIII Marques de Pombal 2022"]
[Site "Pombal"]
[Date "2022.10.06"]
[Round "3.8"]
[White "Silva, Reinaldo Joao David "]
[Black "Mendes, Alberto Correa"]
[Result "1-0"]
[ECO "A04"]
[WhiteElo "1775"]
[BlackElo "1618"]
[Annotator "NA RC COMBH"]
[PlyCount "141"]
[EventDate "2022.09.28"]
[EventType "swiss"]
[EventCountry "POR"]
[SourceTitle "playchess.com"]
[Source "ChessBase"]
[SourceQuality "1"]
[TimeControl "5400+30"]

1. Nf3 Nc6 2. e3 e5 3. Nc3 d6 4. h3 Be7 5. b3 Nf6 6. Bb5 Bd7 7. Bb2 O-O 8. Ne2 a6 9. Bxc6 Bxc6 10. d4 e4 11. Nd2 d5 12. a3 b5 13. Rc1 Rb8 14. c3 Bd7 15. Qc2 Bd6 16. Ra1 c6 17. c4 bxc4 18. bxc4 Qe7 19. Bc3 Rb7 20. Qa4 Ra8 21. c5 Bc7 22. Ba5 Bxa5 23. Qxa5 Rb5 24. Qc3 Rab8 25. O-O Nh5 26. Rab1 Qg5 27. Rxb5 axb5 28. Kh2 f5 29. f4 exf3 30. Nxf3 Qd8 31. Ne5 Nf6 32. Ng3 g6 33. Qb3 Kg7 34. Ra1 Qa5 35. Ne2 Be8 36. Nf4 Qa4 37. Rb1 Qxb3 38. Rxb3 Ne4 39. Ne6+ Kf6 40. Nc7 Nd2 41. Rd3 Nc4 42. Nxe8+ Rxe8 43. Nxc6 Ra8 44. Nb4 Ke6 45. Nc2 Na5 46. g3 g5 47. Kg2 h5 48. Kf2 Nc6 49. Rb3 Ra5 50. Ke2 Kf6 51. Rb1 Ke6 52. Kd3 Na7 53. Kc3 Ra4 54. Rb4 f4 55. exf4 gxf4 56. Rxa4 bxa4 57. gxf4 Kf5 58. Nb4 Ke4 59. Nc2 Nc6 60. h4 Kxf4 61. Nb4 Ne7 62. c6 Ke4 63. c7 Nc8 64. Nc6 Kf4 65. Kb4 Kg4 66. Kc5 Kxh4 67. Ne5 Kg3 68. Ng6 h4 69. Nxh4 Kxh4 70. Kxd5 Kg5 71. Ke6 1-0

[Event "XIII Marques de Pombal 2022"]
[Site "Pombal"]
[Date "2022.10.06"]
[Round "4.1"]
[White "Goncalves, Lucas Jordao"]
[Black "Khamrakulov, Ibragim S."]
[Result "0-1"]
[ECO "B43"]
[WhiteElo "1849"]
[BlackElo "2421"]
[Annotator "TA"]
[PlyCount "72"]
[EventDate "2022.09.28"]
[EventType "swiss"]
[EventCountry "POR"]
[SourceTitle "playchess.com"]
[Source "ChessBase"]
[SourceQuality "1"]
[TimeControl "5400+30"]

1. e4 c5 2. Nf3 e6 3. d4 cxd4 4. Nxd4 a6 5. Nc3 Qc7 6. g3 Nc6 7. Nxc6 {[%emt 0:07:31] B47: Sicilian: Taimanov: 5 Nc3 Qc7 6 f4, 6 g3 and 6 Be2.} bxc6 8. Bg2 Nf6 9. O-O {[%emt 0:03:51] White is slightly better.} Be7 10. Be3 d5 11. f4 {[%emt 0:02:55] [#]} dxe4 $146 (11... Bb7 $11) ({Predecessor:} 11... O-O 12. e5 Nd7 13. Qg4 Bc5 14. Bxc5 Nxc5 15. Rae1 Qb6 {1-0 (30) Kochman,D-Terrie,H (1990) Manchester 2017}) 12. Nxe4 $14 O-O 13. Nxf6+ Bxf6 14. c3 Rb8 15. Qc2 c5 16. b3 Bb7 17. Rad1 Bxg2 18. Kxg2 c4 19. b4 Rfd8 20. a4 {[%emt 0:01:59] White is on the road to losing.} h5 21. a5 Qc6+ 22. Kf2 {[%emt 0:00:11] [#]} (22. Kg1 $17) 22... h4 $1 $19 23. g4 {[%emt 0:00:51] [#]} (23. Rxd8+ {was necessary.} Rxd8 24. Bd4 (24. Kg1 $2 Rd3 $19)) 23... h3 $1 {[%emt 0:01:33] ( -> ...Qg2+)} 24. Kg3 {[%emt 0:01:14] Inhibits Qg2+.} Rd3 $1 25. Rxd3 cxd3 26. Qd2 Bxc3 27. Qxd3 Qg2+ ({Worse is} 27... Bxb4 28. Kxh3 Bxa5 29. Kg3 $17) 28. Kh4 Bxb4 {[%emt 0:02:55] ...Be7+ is the strong threat.} 29. Bb6 Qxh2 {[%emt 0:04:02] Hoping for ...Rc8.} 30. Qxh3 Qd2 {[%emt 0:01:13] Threatens to win with ...g5+.} 31. f5 $2 (31. Qe3 $19) 31... Be7+ {[%emt 0:01:15] Black mates.} 32. Kg3 Bd6+ 33. Kf3 Rc8 34. Rf2 Qd5+ 35. Ke2 Rc2+ 36. Kf1 Rc1+ {[%emt 0:00:06] Weighted Error Value: White=0.44/Black=0.12 (very precise)} 0-1

[Event "XIII Marques de Pombal 2022"]
[Site "Pombal"]
[Date "2022.10.07"]
[Round "4.2"]
[White "Figueiredo, Mario Jose da Rocha"]
[Black "Povshednyi, Ivan"]
[Result "1/2-1/2"]
[ECO "D37"]
[WhiteElo "1842"]
[BlackElo "2140"]
[Annotator "TA"]
[PlyCount "92"]
[EventDate "2022.09.28"]
[EventType "swiss"]
[EventCountry "POR"]
[SourceTitle "playchess.com"]
[Source "ChessBase"]
[SourceQuality "1"]
[TimeControl "5400+30"]

1. d4 Nf6 2. Nf3 e6 3. c4 d5 4. Nc3 dxc4 5. e3 a6 6. Bxc4 b5 7. Bd3 Bb7 8. O-O c5 9. dxc5 Bxc5 10. Qe2 Nbd7 {[%emt 0:05:17] D27: Queen's Gambit Accepted: Classical main line: 7 e4!? and 7 a4.} 11. Rd1 O-O 12. h3 Qc7 {[%emt 0:05:08] Black is slightly better.} 13. e4 Ne5 {[%emt 0:10:42] [#]} 14. Bg5 $146 {[%emt 0:20:34] [#]} (14. Nxe5 $11 Qxe5 15. Be3) ({Predecessor:} 14. Bf4 Bd6 15. Bxe5 Bxe5 16. Rac1 Qb8 17. Nxe5 Qxe5 18. Bb1 Rad8 19. Rxd8 Rxd8 20. Rd1 {½-½ (27) Wichmann,C (2280)-Pajeken,J (2475) Magdeburg 2022}) 14... h6 (14... b4 $1 $17 15. Bxf6 gxf6) 15. Bxf6 gxf6 16. Bc2 Nxf3+ 17. Qxf3 Qe5 18. Rd3 Kh8 {[%emt 0:06:58] Threatens to win with ...b4.} 19. Qg3 (19. a3 $142) 19... Qxg3 $17 20. Rxg3 Rac8 21. a3 Rfd8 ({Better is} 21... a5 $17 22. Bd3 Bd6) 22. Rd3 $15 Rxd3 23. Bxd3 Bd4 24. Rc1 Rd8 25. Bc2 Rc8 26. Bd3 Rc5 27. Rc2 Bc6 28. Nd1 Rxc2 29. Bxc2 $11 {[%emt 0:00:02][%mdl 4096] Endgame KBB-KBN} Kg7 30. Kf1 Kf8 31. Ke2 (31. b4 $11) 31... f5 $15 32. f3 fxe4 33. Bxe4 Bxe4 34. fxe4 {[%emt 0:00:06] KB-KN} Ke7 35. Kd3 e5 36. b3 {[%emt 0:00:55] The position is equal.} Kf6 37. Ne3 Bxe3 38. Kxe3 $11 {[%emt 0:00:01] KP-KP} Kg5 39. g3 a5 40. Kf3 a4 41. b4 f6 42. Ke3 Kh5 43. Kf3 Kg5 $1 44. Ke3 Kh5 45. Kf3 Kg5 $1 46. Ke3 Kh5 {[%emt 0:00:56] Weighted Error Value: White=0.12 (very precise) /Black=0.09 (flawless)} 1/2-1/2

[Event "XIII Marques de Pombal 2022"]
[Site "Pombal"]
[Date "2022.10.06"]
[Round "4.3"]
[White "Goncalves, Samuel Jesus Pereira"]
[Black "Farias, David Nuno Moita Est"]
[Result "*"]
[WhiteElo "2072"]
[BlackElo "1863"]
[Annotator "TA"]
[PlyCount "39"]
[EventDate "2022.09.28"]
[EventType "swiss"]
[EventCountry "POR"]
[SourceTitle "playchess.com"]
[Source "ChessBase"]
[SourceQuality "1"]
[TimeControl "5400+30"]

1. d4 Nf6 2. c4 g6 3. g3 Bg7 4. Bg2 d5 5. cxd5 Nxd5 6. e4 Nb6 7. Ne2 {[%emt 0:00:07] [#]} {Predecessor:} c5 $146 {D72: Fianchetto Grünfeld: 5 cxd5 Nxd5 6 e4 Nb6 (without Nf3).} 8. d5 O-O 9. O-O e6 10. a4 exd5 11. exd5 Na6 12. Nec3 Nc4 13. Na3 Ne5 14. h3 Nb4 15. Ne4 b6 16. Bg5 f6 17. Bf4 Ned3 18. Qb3 Nxf4 19. gxf4 Kh8 20. Rad1 {1-0 (58) Keymer,V (2607)-Grandelius,N (2666) Malmo 2021} *

[Event "XIII Marques de Pombal 2022"]
[Site "Pombal"]
[Date "2022.10.07"]
[Round "4.3"]
[White "Goncalves, Samuel Jesus Pereira"]
[Black "Farias, David Nuno M E"]
[Result "0-1"]
[ECO "D72"]
[WhiteElo "2072"]
[BlackElo "1863"]
[Annotator "TA"]
[PlyCount "120"]
[EventDate "2022.09.28"]
[EventType "swiss"]
[EventCountry "POR"]
[SourceTitle "playchess.com"]
[Source "ChessBase"]
[SourceQuality "1"]
[TimeControl "5400+30"]

1. d4 Nf6 2. c4 g6 3. g3 Bg7 4. Bg2 d5 5. cxd5 Nxd5 6. e4 Nb6 7. Ne2 O-O 8. Nbc3 Nc6 9. d5 Na5 10. O-O c6 11. b3 cxd5 12. exd5 Bg4 {[%emt 0:03:58] Threatens to win with ...Bxc3. D72: Fianchetto Grünfeld: 5 cxd5 Nxd5 6 e4 Nb6 (without Nf3).} 13. f3 Bd7 14. Ba3 (14. Bg5 $16) 14... Re8 $11 {[%emt 0:14:40] White has an edge.} 15. Rc1 {[%emt 0:02:51] [#]} Nc8 $146 ({Predecessor:} 15... Rc8 16. Kh1 e6 17. d6 Bc6 18. Bb4 Nd7 19. Qd2 b6 20. Ne4 Nb7 21. Nd4 Bxe4 22. fxe4 {1-0 (32) Mammadov,S (2313)-Atabayev,Y (2446) Nakhchivan 2022}) 16. Ne4 Bb5 ({Black should play} 16... Nd6 $14) 17. Re1 $16 Nd6 18. Nd4 Ba6 (18... Bd7 $16) 19. Kh1 ({Much less strong is} 19. Nxd6 $6 exd6 20. Qd2 (20. Rxe8+ Qxe8 21. Qd2 Qe5 $16) 20... Rc8 $16) (19. Bh3 $18) 19... Nb5 (19... Ndc4 $16 20. bxc4 Nxc4) 20. Nxb5 $18 Bxb5 21. Qd2 b6 22. Qb4 (22. f4 $16) 22... a6 $14 (22... Qxd5 $2 23. Red1 Qe5 24. f4 $18) 23. Red1 Nb7 24. Rd2 Rc8 25. Rcd1 h6 26. Bh3 f5 27. d6 (27. Nf2 $11) 27... exd6 $17 (27... fxe4 $2 28. d7 (28. dxe7 Qc7 $16) 28... Rc7 29. dxe8=N Qxe8 30. Qxe4 $18) 28. Nxd6 Nxd6 29. Rxd6 Qg5 30. Bg2 $2 (30. Qd2 $17 {nothing else works.}) 30... Bf8 $2 (30... Rc2 $19 31. Re1 Ree2 32. Rxe2 Rxe2) 31. Qd4 {[%emt 0:00:40] Intending Bb2 and mate.} Bxd6 32. Qd5+ $1 Kh7 33. Qf7+ $1 Kh8 34. f4 Qh5 (34... Bxf4 $2 35. gxf4 Qxg2+ 36. Kxg2 $18) 35. Bb2+ Be5 $1 36. Bxe5+ {[%emt 0:01:06][%mdl 64] [#] Remove Defender} Rxe5 37. Qf6+ Kg8 38. Bd5+ Rxd5 39. Qe6+ Kg7 40. Qe7+ Kg8 41. Qe6+ Kf8 42. Qxc8+ $4 (42. Qf6+ $1 $11 {and White has nothing to worry.} Kg8 43. Qe6+) 42... Be8 $19 43. Re1 g5 ({Not} 43... Qf3+ 44. Kg1 Kg7 45. Qxe8 $11) 44. Qe6 Bf7 45. Qxb6 Rd1 46. Qb8+ Kg7 47. Qe5+ Kg8 48. fxg5 {[%emt 0:00:50] [#]} (48. Rxd1 $19 Qxd1+ 49. Kg2) 48... Rxe1+ (48... Qf3+ $142 49. Kg1 Rd2 50. Qb8+ Kh7 51. g6+ Kxg6 52. Qd6+ Rxd6 53. Rf1 Qe3+ 54. Kg2 Rd2+ 55. Kh3 Qe4 56. Rxf5 Kxf5 57. a4 Qg4#) 49. Qxe1 Bd5+ 50. Kg1 hxg5 {[%emt 0:00:12] And now ...Qf3 would win.} 51. Qd2 $2 (51. Qf1) 51... Qf3 {[%emt 0:00:23] ( -> ...Kf7)} 52. Qxg5+ Kf7 {[%emt 0:00:06][%csl Gd5][%cal Rf3g2] Black mates.} 53. Qd2 Qh1+ 54. Kf2 Qxh2+ 55. Ke3 Qxd2+ 56. Kxd2 Kf6 57. Kd3 Kg5 58. Kd4 Bg2 59. Ke3 Kg4 60. Kf2 Bd5 {[%emt 0:00:15] Both players deserved the win here.  Weighted Error Value: White=0.84/Black=0.37} 0-1

[Event "XIII Marques de Pombal 2022"]
[Site "Pombal"]
[Date "2022.10.06"]
[Round "4.4"]
[White "Padeiro, Jose Joao Tato"]
[Black "Silva, Reinaldo Joao David "]
[Result "1-0"]
[ECO "A05"]
[WhiteElo "2215"]
[BlackElo "1775"]
[Annotator "TA"]
[PlyCount "77"]
[EventDate "2022.09.28"]
[EventType "swiss"]
[EventCountry "POR"]
[SourceTitle "playchess.com"]
[Source "ChessBase"]
[SourceQuality "1"]
[TimeControl "5400+30"]

1. Nf3 Nf6 2. c4 c5 3. Nc3 g6 4. d4 cxd4 5. Nxd4 Bg7 6. g3 Nc6 7. Bg2 O-O 8. O-O Qb6 {[%emt 0:11:31] 8...Qa5 gains popularity.} 9. Nb3 d6 10. Bg5 Be6 {[%emt 0:01:03] A39: Symmetrical English vs ...g6: 4 Bg2 Bg7 5 Nf3 Nf6 6 0-0 0-0 7 d4.} 11. Nd5 Bxd5 12. cxd5 Ne5 {[%emt 0:02:04] The position is equal.} 13. Be3 Qa6 14. Bd4 Ned7 15. e4 Rac8 16. Re1 b6 {[%emt 0:00:46] [#]} 17. Bc3 $146 {[%emt 0:15:24] White stays focused until the end.} ({Predecessor:} 17. f4 Nc5 18. Nxc5 bxc5 19. Bc3 Ne8 20. e5 Nc7 21. a4 Rfe8 22. Bf1 Qb7 23. Bc4 {½-½ (37) Splichal,S (2168)-Vecera,P (2039) Czech Republic 2016}) 17... Qa4 18. Nd4 Qxd1 19. Raxd1 Nc5 (19... Nh5 $16 {is a better defense.}) 20. Nc6 Rc7 21. e5 Ne8 {[%emt 0:11:01] [#]} 22. f4 $1 {[%emt 0:00:25] White has more active pieces. The black rooks are badly placed.} h5 23. b4 Na6 (23... Na4 $142) 24. Bf1 Nb8 25. b5 Nxc6 26. bxc6 f6 27. Bd3 fxe5 28. fxe5 ({Less strong is} 28. Bxg6 exf4 29. Bd2 fxg3 $16) 28... Kh7 29. exd6 exd6 30. Bb4 {[%emt 0:01:26] This bishop pair is nice.} Bd4+ 31. Kh1 Bc5 32. Bxc5 bxc5 33. Re6 Rg7 34. Rde1 Nf6 (34... Rgg8 $142 35. Kg1 a6) 35. Rf1 $18 Rgf7 36. Rxd6 Kh8 {[%emt 0:00:54] [#]} 37. Rdxf6 $1 Rxf6 38. Rxf6 Rxf6 39. c7 {[%emt 0:00:04] Weighted Error Value: White=0.05 (flawless) /Black=0.59} 1-0

[Event "XIII Marques de Pombal 2022"]
[Site "Pombal"]
[Date "2022.10.06"]
[Round "4.5"]
[White "Ferreira, Hugo Miguel Da Costa"]
[Black "Santos, Julio Fernandes dos"]
[Result "1-0"]
[ECO "D00"]
[WhiteElo "2101"]
[BlackElo "1760"]
[Annotator "TA"]
[PlyCount "21"]
[EventDate "2022.09.28"]
[EventType "swiss"]
[EventCountry "POR"]
[SourceTitle "playchess.com"]
[Source "ChessBase"]
[SourceQuality "1"]
[TimeControl "5400+30"]

1. d4 d5 2. Bf4 Nf6 3. Nc3 Bf5 4. e3 e6 5. Nb5 Bb4+ 6. c3 {D00: 1 d4 d5: Unusual lines.} Ba5 7. Qa4 (7. Nf3 $11) 7... Nc6 $15 {[#]} 8. Na3 $146 ({Predecessor:} 8. g4 Bg6 9. O-O-O a6 10. Na3 b5 11. Qb3 b4 12. Qa4 Qd7 13. Nc2 bxc3 14. b3 {0-1 (41) Nishizawa,C (1503)-Felix,R (1907) Brasilia 2016}) 8... a6 {Inhibits Bb5.} 9. b4 b5 $2 {[#]} (9... Bb6 $17 {stays on course. Hoping for ...Ne4.} 10. Ne2 O-O) 10. Nxb5 $1 $18 Bxb4 $2 (10... axb5 $2 11. Bxb5 O-O 12. Bxc6 Bxb4 13. Qxb4 $18) (10... O-O) 11. Nxc7+ {Weighted Error Value: White=0.20 (precise) /Black=0.74} ({Less strong is} 11. cxb4 axb5 12. Qxb5 Qd7 $16) 1-0

[Event "XIII Marques de Pombal 2022"]
[Site "Pombal"]
[Date "2022.10.06"]
[Round "4.6"]
[White "Peixoto, Helio Ricardo Soutin"]
[Black "Alves, Fernando Pereira Rib"]
[Result "0-1"]
[ECO "A04"]
[WhiteElo "1969"]
[BlackElo "1526"]
[Annotator "TA"]
[PlyCount "46"]
[EventDate "2022.09.28"]
[EventType "swiss"]
[EventCountry "POR"]
[SourceTitle "playchess.com"]
[Source "ChessBase"]
[SourceQuality "1"]
[TimeControl "5400+30"]

1. Nf3 Nc6 2. d3 d5 3. Nbd2 Nf6 4. g3 Bg4 5. h3 Bh5 6. Bg2 {[%emt 0:00:22] A06: Réti Opening: 1 Nf3 d5.} e5 7. e4 dxe4 8. dxe4 {[%emt 0:00:16] Black has an edge.} Bc5 9. O-O Qe7 10. c3 {[%emt 0:00:57] [#]} O-O-O $146 ({Predecessor:} 10... O-O 11. Qc2 a5 12. Nc4 Bxf3 13. Bxf3 Qe6 14. Ne3 Qxh3 15. Bg2 Qh5 16. Qd1 Rad8 17. Qxh5 Nxh5 {0-1 (33) Bimpson,T (1973)-McQuillan,S (1960) England 2019}) 11. Qa4 Rd3 12. Qc4 (12. Qc2 $11 Rhd8 13. b4) 12... Rhd8 $15 13. b4 Bb6 $36 {[%emt 0:04:35][%mdl 2048] Threatening ...Qe6. Black has the initiative.} 14. a4 $1 {[%emt 0:01:30] [#] aiming for a5.} a5 15. b5 Nb8 16. g4 ({Better is} 16. Ra2 $11) 16... Nxg4 17. hxg4 Bxg4 {[%emt 0:00:12] [#] Hoping for ...Be6.} 18. Ba3 $2 {[%emt 0:08:14][%mdl 8192] This move loses the game for White.} (18. Qa2 $1 $11) 18... Qf6 $19 {[%emt 0:02:25] Black is clearly winning.} 19. Bc5 Be6 20. Qxd3 Rxd3 21. Bxb6 cxb6 22. Rfe1 Qf4 23. Rad1 Nd7 {[%emt 0:02:03] Weighted Error Value: White=0.47/Black=0.09 (flawless)} 0-1

[Event "XIII Marques de Pombal 2022"]
[Site "Pombal"]
[Date "2022.10.06"]
[Round "4.7"]
[White "Morais, Vitor Mestre"]
[Black "Paiva, Manuel Maria Fonseca"]
[Result "1/2-1/2"]
[ECO "B54"]
[WhiteElo "1802"]
[BlackElo "1451"]
[Annotator "NA RC COMBH"]
[PlyCount "59"]
[EventDate "2022.09.28"]
[EventType "swiss"]
[EventCountry "POR"]
[SourceTitle "playchess.com"]
[Source "ChessBase"]
[SourceQuality "1"]
[TimeControl "5400+30"]

1. e4 c5 2. Nf3 d6 3. d4 cxd4 4. Nxd4 Nf6 5. Bd3 e5 6. Nf3 Be7 7. O-O h6 8. c4 O-O 9. Nc3 Nbd7 10. h3 Nc5 11. Bc2 a5 12. b3 Bd7 13. Be3 Qc7 $16 14. a4 Rfe8 15. Qd2 (15. Nd2 $14) 15... Bf8 (15... Qc6 $11) 16. Rfd1 (16. Nh4 $16) 16... Qc6 17. Bxc5 Qxc5 18. Nd5 Nxd5 19. exd5 g6 20. Qe3 Qxe3 21. fxe3 Bg7 22. Rab1 Rec8 23. Kf2 b5 24. axb5 Bxb5 25. Bxg6 fxg6 26. cxb5 Rcb8 27. e4 Rxb5 28. Ke3 Rab8 29. Nd2 h5 30. Kd3 1/2-1/2

[Event "XIII Marques de Pombal 2022"]
[Site "Pombal"]
[Date "2022.10.07"]
[Round "4.8"]
[White "Gori, Andrea"]
[Black "Dias, Jose de Oliveira Gas"]
[Result "1/2-1/2"]
[ECO "B01"]
[WhiteElo "1982"]
[BlackElo "1397"]
[Annotator "TA"]
[PlyCount "118"]
[EventDate "2022.09.28"]
[EventType "swiss"]
[EventCountry "POR"]
[SourceTitle "playchess.com"]
[Source "ChessBase"]
[SourceQuality "1"]
[TimeControl "5400+30"]

1. e4 d5 2. exd5 Nf6 3. Bb5+ Nbd7 4. c4 g6 5. d4 Bg7 6. Nf3 {[%emt 0:00:49] B01: Scandinavian Defence.} O-O 7. Bxd7 Bxd7 8. O-O {[%emt 0:01:02] White is slightly better.} e6 ({Black should try} 8... b5 $11) 9. dxe6 $14 Bxe6 10. d5 {[%emt 0:00:49] [#]} Bf5 $146 ({Predecessor:} 10... Bg4 11. Nc3 Bxf3 12. Qxf3 Nd7 13. Ne4 Ne5 14. Qb3 Qh4 15. Re1 Rfe8 16. Bg5 Qh5 {1-0 (33) Olsarova,K (2241)-Botur,M (2008) Czech Republic 2013}) 11. Nd4 {[%emt 0:05:43] Inhibits c6.} Bg4 12. f3 Bd7 13. Nc3 a6 (13... Qe7 $14 {deserves consideration.}) 14. Bg5 $16 h6 15. Bh4 Qe7 16. Bf2 Nh5 (16... b5 $142) 17. Qd2 Rfe8 18. Rad1 Qf8 (18... Qg5 $16 19. Qxg5 hxg5) 19. Ne4 ({Better is} 19. Nb3 $1 $18) 19... Rad8 {[%emt 0:03:02] [#]} (19... f5 $16 {was worth a try.}) 20. Nb3 (20. Nc6 $1 $18 Bxc6 21. Bc5) 20... Be5 21. Bd4 Bf4 $2 {[%emt 0:03:30] [#]} (21... Bxd4+ {is tougher.} 22. Qxd4 (22. Nxd4 f5 $16) 22... f5) 22. Qc3 $2 (22. Qxf4 $3 Nxf4 23. Nf6+ Kh8 24. Nxd7+ Qg7 25. Bxg7+ Kxg7 26. Ndc5) 22... f5 23. Nec5 Bc8 24. g3 Bd6 25. Nd3 b6 26. Ne5 Kh7 (26... c5 $142 27. dxc6 (27. Nxg6 cxd4 28. Qxd4 Qf6 $17) 27... Bb4) 27. Nc6 $18 Rd7 28. Rfe1 Rf7 29. Rxe8 Qxe8 30. Re1 Qf8 31. c5 bxc5 32. Bxc5 (32. Nxc5 $142 {Qc4 is the strong threat.} Qg8 33. Ne6) 32... Bd7 33. Ne5 {[%emt 0:01:57] Pair of Knights!} Re7 (33... Rg7 $142 34. Bxd6 Qxd6) 34. Bxd6 cxd6 35. Nxd7 Rxd7 36. Nd4 Qb8 37. Nc6 Qb6+ 38. Kg2 {[%emt 0:00:13] Hoping for Re8.} Qc5 (38... Qb5 $16 39. Ne7 (39. Re8 Ng7 $16) 39... Qc5) 39. Re6 $2 (39. Re8 $18 Qxc3 40. bxc3) 39... Qxd5 $14 40. Re8 Ng7 41. Nb4 $40 {[%emt 0:00:43][%csl LRa6,LRd5][%mdl 128] White attacks.} Qf7 42. Ra8 Rc7 (42... Qe6 $14 43. Qd2 (43. Rxa6 $2 Qe2+ 44. Kg1 Qd1+ 45. Kg2 Re7 $19) 43... f4) 43. Qd4 (43. Qd2 $16 {Black must now prevent Nd5.} Ra7 44. Rd8 (44. Rxa7 Qxa7 45. b3 Ne6 $16)) 43... Rc4 (43... Qc4 $14 44. Qxc4 (44. Qxd6 $2 {is a self mate.} Qe2+ 45. Kh3 Qf1+ 46. Kh4 g5#) 44... Rxc4) 44. Qxd6 $16 {[%emt 0:00:51] And now b3 would win. White has more active pieces.} Rc7 $2 (44... Qe6 $16 {is a better chance.} 45. Qxe6 Nxe6) 45. Rxa6 $2 (45. Qd8 $18 Ne8 46. Qxe8 Qxe8 47. Rxe8) 45... Rd7 $14 46. Qf4 (46. Qc6 $11) 46... Nh5 $2 (46... Qe7 $19 {( -> ...Qe2+)} 47. Qc4 Qe1) 47. Qc1 $2 (47. Qe3 $16) 47... Rb7 $2 (47... Qe7 $11 {and Black is okay.} 48. Qc4 Qe3) 48. a3 Re7 49. Rc6 (49. Qc5 $142) 49... Nf6 (49... Re2+ {was called for.} 50. Kh3 (50. Kh1 Qb3 $16) 50... Qb3) 50. Rc2 Qb3 51. Rc7 Nd7 (51... Rxc7 {was necessary.} 52. Qxc7+ Kg8) 52. Qd2 $18 Qe6 53. Rc2 Nf6 54. Nd3 Rd7 55. Qc3 Nd5 56. Qc6 (56. Qe5 $18 Qxe5 57. Nxe5) 56... Rd6 {[%emt 0:00:42][%mdl 1024] Black has strong compensation.} 57. Qb7+ Rd7 58. Qc6 Rd6 ({Black should play} 58... Ne3+ $15 59. Kf2 Qxc6 60. Rxc6 Rxd3) 59. Qb7+ $11 Rd7 {[%emt 0:00:02] Weighted Error Value: White=0.62/Black=0.70} 1/2-1/2

[Event "XIII Marques de Pombal 2022"]
[Site "Pombal"]
[Date "2022.10.07"]
[Round "5.1"]
[White "Farias, David Nuno M E"]
[Black "Khamrakulov, Ibragim S."]
[Result "1/2-1/2"]
[ECO "B43"]
[WhiteElo "1863"]
[BlackElo "2421"]
[Annotator "TA"]
[PlyCount "66"]
[EventDate "2022.09.28"]
[EventType "swiss"]
[EventCountry "POR"]
[SourceTitle "playchess.com"]
[Source "ChessBase"]
[SourceQuality "1"]
[TimeControl "5400+30"]

1. e4 c5 2. Nf3 e6 3. d4 cxd4 4. Nxd4 a6 5. Nc3 Qc7 6. g3 Nc6 7. Bg2 Nf6 8. O-O d6 9. Re1 Be7 10. Nxc6 bxc6 11. e5 dxe5 12. Rxe5 O-O 13. Bf4 Qb7 14. Re3 Nd5 {[%emt 0:11:57] B80: Sicilian Scheveningen: 6 g3 and 6 Be3, including English Attack.} 15. Nxd5 exd5 16. Rb3 Qa7 17. Be3 {[%emt 0:02:57] [#]} Qc7 $146 ({Predecessor:} 17... Bc5 18. Bxc5 Qxc5 19. Rc3 Qb5 20. Rxc6 Be6 21. Rc3 Qxb2 22. Rb3 Qe5 23. Rab1 Rfc8 {½-½ (92) Rossen,C (2174)-Jensen,V (2163) Aarhus 2017}) 18. c4 dxc4 19. Rb6 c5 20. Rc6 Qa5 21. Qe1 (21. Be4 {seems wilder.} Bb7 22. Qh5 f5 23. Bxf5 Rxf5 24. Qxf5 Bxc6 25. Qe6+) 21... Qxe1+ 22. Rxe1 Bb7 23. Rc7 Bxg2 24. Rxe7 Bd5 25. Bxc5 c3 26. bxc3 Bxa2 27. R7e2 Bc4 28. Re4 Bd3 29. Bxf8 Bxe4 30. Bxg7 Bd5 31. Bd4 a5 32. Ra1 (32. Re5 $14 Bf3 33. c4) 32... a4 $11 33. Ra3 Bb3 {Weighted Error Value: White=0.12 (very precise) /Black=0.08 (flawless)} 1/2-1/2